 Dungeon Crawl Stone Soup version 0.28-a0-957-g42eb19b844 (webtiles) character file.

Game seed: 7204155679570039364

5859 tnargy the Cleaver (level 10, -4/90 HPs)
             Began as a Hill Orc Fighter on Nov 29, 2021.
             Was a Believer of Beogh.
             Killed from afar by an efreet (20 damage)
             ... with a fireball
             ... on level 9 of the Dungeon on Dec 1, 2021.
             The game lasted 00:29:52 (10973 turns).

tnargy the Cleaver (Hill Orc Fighter)              Turns: 10973, Time: 00:29:52

Health: -4/90      AC: 16    Str: 23    XL:     10   Next: 81%
Magic:  13/13      EV: 10    Int:  8    God:    Beogh [**....]
Gold:   325        SH:  6    Dex: 10    Spells: 9/9 levels left

rFire   . . .      SeeInvis +   a - +1 war axe
rCold   . . .      Faith    .   c - +1 buckler
rNeg    . . .      Spirit   .   D - +0 scale mail
rPois   .          Reflect  .   I - +2 helmet
rElec   .          Harm     .   C - +0 cloak
rCorr   .          Rampage  .   j - +2 pair of gloves
Will    .....                   (no boots)
Stlth   ..........              z - amulet of the acrobat
HPRegen 0.25/turn               J - ring of see invisible
MPRegen 0.13/turn               (no ring)

@: mighty, studying Polearms
A: no striking features
a: Renounce Religion, Smiting


You were on level 9 of the Dungeon.
You worshipped Beogh.
Beogh was pleased with you.
You visited 1 branch of the dungeon, and saw 9 of its levels.
You also visited: Ossuary.

You collected 535 gold pieces.
You spent 210 gold pieces at shops.

Inventory:

Hand Weapons
 a - a +1 war axe (weapon)
 b - a +0 hunting sling
 g - a +2 short sword of protection
 u - a +2 morningstar of freezing
Missiles
 h - 2 throwing nets
 E - 128 stones (quivered)
 H - 65 sling bullets
Armour
 c - a +1 buckler (worn)
 j - a +2 pair of gloves (worn)
 n - a +0 helmet
 C - a +0 cloak (worn)
 D - a +0 scale mail (worn)
 I - a +2 helmet (worn)
Jewellery
 z - an amulet of the acrobat (around neck)
 J - a ring of see invisible (left hand)
Wands
 r - a wand of paralysis (9)
Scrolls
 f - 7 scrolls of teleportation
 k - 3 scrolls of identify
 l - 2 scrolls of enchant armour
 o - a scroll of silence {unknown}
 q - 2 scrolls of fog {unknown}
 t - 2 scrolls of blinking
 y - 3 scrolls of enchant weapon
 B - a scroll of amnesia
 F - a scroll of immolation {unknown}
Potions
 e - 2 potions of lignification {unknown}
 m - 2 potions of brilliance
 p - 5 potions of degeneration {unknown}
 s - 4 potions of berserk rage {unknown}
 v - a potion of attraction {unknown}
 w - 2 potions of curing {unknown}
 x - 2 potions of haste {unknown}
 A - a potion of flight {unknown}
 G - a potion of mutation {unknown}


   Skills:
 + Level 8.8 Fighting
 + Level 11.7 Axes
 * Level 4.5 Slings
 + Level 8.1 Armour
 + Level 8.1 Shields
 + Level 4.5 Invocations


You had 9 spell levels left.
You didn't know any spells.
Your spell library contained the following spells:

 Spells                   Type           Power      Damage    Failure   Level
 Ensorcelled Hibernation  Hex/Ice        0%         N/A       82%         2
 Spider Form              Tmut/Pois      0%         N/A       96%         3
 Summon Guardian Golem    Hex/Summ       0%         N/A       96%         3
 Animate Armour           Summ/Erth      0%         N/A       100%        4
 Ice Form                 Ice/Tmut       0%         N/A       100%        4
 Blade Hands              Tmut           0%         N/A       100%        5
 Iron Shot                Conj/Erth      0%         9d1       100%        6
 Orb of Destruction       Conj           0%         N/A       100%        7
 Spellforged Servitor     Conj/Summ      0%         N/A       100%        7
 Borgnjor's Revivificati  Necr           0%         N/A       100%        8
 Necromutation            Tmut/Necr      0%         N/A       100%        8
 Death's Door             Necr           0%         N/A       100%        9


Dungeon Overview and Level Annotations

Branches:
Dungeon (9/15)             Temple (0/1) D:5            Lair (0/6) D:8
Ossuary (visited)
    Orc: D:9-12

Altars:
Cheibriados

Shops:
D:1 !   D:9 =


Message History

The efreet zaps a wand.
Some rock shatters into small pieces.
You shoot a stone.
The stone hits the efreet but does no damage.
The efreet is lightly wounded.
You shoot a stone. The stone hits the efreet.
The efreet is moderately wounded.
You shoot a stone.
The stone hits the efreet but does no damage.
The efreet is moderately wounded.
The efreet gestures at you. The bolt of fire hits you!!
You shoot a stone. The stone barely misses the efreet.
The efreet gestures at you.
The fireball explodes!
The fireball engulfs you!!
a - a +1 war axe (weapon)
You see here a +0 spear.
You hit the efreet.
The efreet is heavily wounded.
The efreet gestures at you.
The fireball explodes!
The fireball engulfs you!
The fireball engulfs the efreet.
The efreet completely resists.
You hear an angry buzzing noise.
You hear a shout!
You are too injured to fight recklessly!
You are too injured to fight recklessly!
You are too injured to fight recklessly!
You hit the efreet.
The efreet is severely wounded.
The efreet hits you with a +4 scimitar of flaming!
* * * LOW HITPOINT WARNING * * *
The efreet burns you.
* * * LOW HITPOINT WARNING * * *
You feel very mighty all of a sudden. The efreet completely misses you.
You barely miss the efreet.
The efreet is severely wounded.
You slash the efreet!
The efreet is almost dead.
The efreet gestures at you.
The fireball explodes!
The fireball engulfs you!!
You die...

.............. #..............
###............ ## ............#.
#..### ##........)..... #(....#
#...............
..(..°.##....##.........
#...R)).#####......... ..#..
#@....##..........
......##....##...........
.......#(.##...<..........
........)...#..............
....##..........).#..............
.................................
..>...................#..........
......................#..........
......................##......#..


You could see an efreet.

Vanquished Creatures
  Harold (D:8)
  7 yaks
  A wyvern (D:8)
  A steam dragon (D:7)
  Grum (D:9)
  2 basilisks
  An acid dragon (D:8)
  4 water moccasins
  An ice beast (D:6)
  A black bear (D:8)
  2 orc warriors
  An ogre (D:6)
  2 necrophages
  4 wolves
  2 phantoms
  3 kobold brigands
  3 bullfrogs
  2 water moccasin zombies (Ossuary)
  2 wyvern skeletons
  3 wights (D:8)
  2 howler monkeys (D:8)
  A centaur zombie (D:9)
  2 bullfrog zombies (D:5)
  5 hounds
  2 orc priests
  2 gnoll shamans (D:9)
  3 jellies
  2 bullfrog skeletons
  5 iguanas
  5 orc wizards
  2 mummies (Ossuary)
  9 gnolls
  A howler monkey skeleton (D:7)
  11 adders
  A white imp (D:6)
  7 adder zombies (Ossuary)
  2 adder skeletons (D:4)
  2 worms
  2 dart slugs
  11 orcs
  7 bats
  3 endoplasms (D:1)
  15 giant cockroaches
  6 gnoll zombies (Ossuary)
  7 goblins
  3 hobgoblins
  2 jackals (D:2)
  3 quokkas
  3 ball pythons
  3 frilled lizards (D:1)
  4 hobgoblin zombies (Ossuary)
  8 kobolds
  5 kobold zombies (Ossuary)
  3 orc zombies (Ossuary)
  A quokka zombie (D:5)
  2 rats
  A rat zombie (D:5)
  5 bushes (D:3)
202 creatures vanquished.

Vanquished Creatures (others)
  2 orc priests (D:6)
  2 orc wizards (D:6)
  An ufetubus (D:6)
  An orc (D:6)
  2 kobolds (D:6)
  A fungus (D:8)
  13 plants
22 creatures vanquished.

Grand Total: 224 creatures vanquished

Notes
Turn   | Place    | Note
-------+----------+-------------------------------------------
     0 | D:1      | tnargy the Hill Orc Fighter began the quest for the Orb.
     0 | D:1      | Reached XP level 1. HP: 19/19 MP: 1/1
    87 | D:1      | Reached skill level 3 in Axes
   157 | D:1      | Reached XP level 2. HP: 27/27 MP: 2/2
   171 | D:1      | Found a faded altar of an unknown god.
   552 | D:1      | Found Veefesuryrgh's Distillery.
   615 | D:1      | Reached XP level 3. HP: 33/33 MP: 3/3
   949 | D:2      | Reached skill level 4 in Axes
   949 | D:2      | Reached XP level 4. HP: 17/40 MP: 4/4
  1821 | D:2      | Reached XP level 5. HP: 45/47 MP: 5/5
  2483 | D:3      | Reached skill level 5 in Axes
  2851 | D:3      | Reached XP level 6. HP: 49/53 MP: 6/6
  3227 | D:4      | Reached skill level 5 in Fighting
  3227 | D:4      | Reached skill level 6 in Axes
  3240 | D:4      | Identified the +1 leather armour "Geeded" {rF+}
  3572 | D:5      | Entered Level 5 of the Dungeon
  3584 | D:5      | Reached XP level 7. HP: 56/61 MP: 7/7
  3701 | D:5      | Found a sand-covered staircase.
  3718 | Ossuary  | Entered an ossuary
  3888 | Ossuary  | Reached skill level 7 in Axes
  3888 | Ossuary  | Reached skill level 5 in Armour
  3888 | Ossuary  | Reached skill level 5 in Shields
  4218 | D:5      | Found a staircase to the Ecumenical Temple.
  4236 | D:5      | Reached XP level 8. HP: 57/70 MP: 8/8
  4324 | D:5      | Got the Papyrus of the Entourage and Transmigration
  4440 | D:5      | Reached skill level 8 in Axes
  4868 | D:6      | Became a worshipper of Beogh the Brigand
  5403 | D:6      | Reached skill level 9 in Axes
  5901 | D:6      | Reached XP level 9. HP: 47/78 MP: 9/9
  6431 | D:7      | Upgraded the game from 0.28-a0-938-gbc3f381ebc to
                  | 0.28-a0-957-g42eb19b844
  6719 | D:7      | Reached skill level 10 in Axes
  8033 | D:8      | Reached * piety under Beogh
  8055 | D:8      | Reached skill level 1 in Slings
  8055 | D:8      | Reached skill level 1 in Invocations
  8464 | D:8      | Found a staircase to the Lair.
  8499 | D:8      | Reached skill level 11 in Axes
  8536 | D:8      | Noticed Harold
  8596 | D:7      | Reached XP level 10. HP: 27/88 MP: 11/11
  8920 | D:8      | Killed Harold
  9086 | D:8      | Found a snail-covered altar of Cheibriados.
  9774 | D:9      | Found Qacumegia's Jewellery Shoppe.
 10330 | D:9      | Bought a ring of see invisible for 210 gold pieces
 10396 | D:9      | Noticed Grum
 10413 | D:9      | Killed Grum
 10932 | D:9      | Reached ** piety under Beogh
 10973 | D:9      | Killed from afar by an efreet

Illustrated notes

Levels and vault maps discovered:
D:1:      tarquinn_simple_flora_water_a, layout_basic,
          ebering_ecumenical_altar_box, serial_shops, shop_statue,
          minmay_tetromino_i4
D:2:      minmay_roachtagon, layout_basic, serial_rivers,
          chequers_serial_rivers_micro_c, chequers_serial_rivers_micro_a,
          chequers_serial_rivers_micro_a, chequers_serial_rivers_small_a,
          minmay_misc_feat_four_crosses, minivault_27
D:3:      layout_basic, serial_forest, infiniplex_forest_clump_curved,
          infiniplex_forest_clump_diagonal, infiniplex_forest_lined_corner,
          infiniplex_forest_zigzag_1, infiniplex_forest_straight_4,
          infiniplex_forest_clump_double, infiniplex_forest_end_double
D:4:      layout_basic
D:5:      layout_cave_pools, minmay_temple_entry_offerings, enter_ossuary_4,
          hangedman_abyss_or_decor_lesser_grid
D:6:      layout_loops_cross, serial_bayou_crossing
D:7:      layout_cave_pods, hangedman_decor_lopped, grunt_decor_arrowhead,
          chequers_big_river, minivault_27
D:8:      layout_basic, kennysheep_slug_shrine, david_lair_generic, uniq_harold
D:9:      layout_cave_pools, serial_shops, shop, uniq_grum

Skill      XL: |  1  2  3  4  5  6  7  8  9 10 |
---------------+-------------------------------+-----
Axes           | 3 4 5 6 7 9 11 | 11.7
Fighting       | 4 5 6 8 |  8.8
Shields        | 4 5 6 7 8 |  8.1
Armour         | 4 5 6 7 8 |  8.1
Slings         | 2 4 |  4.5
Invocations    | 2 4 |  4.5

Action                   |  1- 3 |  4- 6 |  7- 9 | 10-12 || total
-------------------------+-------+-------+-------+-------++-------
Melee: War axe           |    65 |   315 |   378 |   144 ||   902
 Fire: Hunting sling     |       |       |     6 |    11 ||    17
Invok: Convert to Beogh  |       |       |     1 |       ||     1
  Use: Potion            |       |     1 |     2 |     3 ||     6
       Scroll            |       |     1 |     7 |     1 ||     9
Armor: Scale mail        |    36 |    94 |   152 |    51 ||   333
Dodge: Dodged            |    30 |    82 |   143 |    73 ||   328
Block: Buckler           |    10 |    49 |    98 |    65 ||   222

Table legend: (Time is in decaauts)
 A = Elapsed time spent in this place.
 B = Non-inter-level travel time spent in this place.
 C = Inter-level travel time spent in this place.
 D = Time resting spent in this place.
 E = Time spent auto-exploring this place.
 F = Levels seen in this place.
 G = Mean time per level.
                   A        B        C        D        E       F      G
               +--------+--------+--------+--------+--------+-----+--------+
         Total |  11118 |  10934 |    184 |   3878 |   4707 |  10 | 1111.8 |
       Dungeon |  10794 |  10610 |    184 |   3825 |   4645 |   9 | 1199.3 |
       Ossuary |    324 |    324 |      0 |     53 |     62 |   1 |  324.0 |
               +--------+--------+--------+--------+--------+-----+--------+

Top non-repeatable levels by time:
     D:8: 2308 daAuts
     D:2: 1749 daAuts
     D:6: 1736 daAuts
     D:7: 1665 daAuts
     D:5: 844 daAuts
     D:1: 767 daAuts
     D:3: 731 daAuts
     D:9: 561 daAuts
     D:4: 429 daAuts
 Ossuary: 324 daAuts
